[Event "*** SCC Grand Prix: Titled Tuesday Blitz"]
[Site "Chess.com"]
[Date "2020.06.23"]
[Round "3"]
[White "Ashedu66"]
[Black "Canairez"]
[Result "0-1"]
[WhiteElo "2147"]
[BlackElo "2346"]
[TimeControl "180+1"]
[EndTime "10:29:40 PDT"]
[Termination "Canairez won by resignation"]

1. d4 c6 2. e4 d5 3. exd5 cxd5 4. Bd3 Nc6 5. c3 Nf6 6. Bg5 Qb6 7. Qb3 Bg4 8. Nd2 e6 9. Ngf3 Bd6 10. O-O Bh5 11. Rfe1 O-O 12. h3 Bg6 13. Bf1 Na5 14. Qxb6 axb6 15. Ne5 Rfc8 16. Bxf6 gxf6 17. Nd7 Bc7 18. Nxf6+ Kg7 19. Ng4 Bd6 20. Ne5 Nc6 21. Ndf3 Be4 22. Nd7 Bc7 23. Nd2 Bg6 24. Ne5 Nxe5 25. dxe5 Ra4 26. Nf3 Be4 27. Nd4 Bxe5 28. Nb5 Bb8 29. f3 Bg6 30. a3 h5 31. Rad1 h4 32. Bd3 Bh5 33. Bc2 Rf4 34. Nd4 Rf6 35. Kf2 Bg3+ 36. Kf1 Bxe1 37. Rxe1 Bg6 38. Ba4 Bd3+ 39. Kf2 Rg6 40.
Re3 Bc4 41. Bc2 Rg3 42. f4 Rxe3 43. Kxe3 Kf6 44. Kf3 Rg8 45. Kf2 Ke7 46. Nf3 Rh8 47.
f5 Kd6 48. fxe6 fxe6 49. Ke3 e5 50. b3 Bf1 51. Kf2 Bb5 52. Ng5 Rf8+ 53. Ke3 Bf1 54. Nf3 Bxg2 55. Nxh4 Bxh3 56. Ng6 Rf6 57. Nh8 Bf5 58.
Bxf5 Rxf5 59. Ng6 Rg5 60. Nh4 Rg3+ 61. Kd2 Ke6 62. b4 Kf6 63. a4 Kg5 0-1

[Event "*** SCC Grand Prix: Titled Tuesday Blitz"]
[Site "Chess.com"]
[Date "2020.06.23"]
[Round "3"]
[White "deep306"]
[Black "Phriex"]
[Result "1-0"]
[WhiteElo "2649"]
[BlackElo "2384"]
[TimeControl "180+1"]
[EndTime "10:29:41 PDT"]
[Termination "deep306 won by resignation"]

1. d4 d5 2. Bf4 Nf6 3. e3 c5 4.
c3 Nc6 5. Nd2 cxd4 6. exd4 Bf5 7. Qb3 Qc8 8. Ngf3 e6 9. h3 Be7 10. Be2 O-O 11. Ne5 Rd8 12. g4 Bg6 13. h4 Nxe5 14. dxe5 Nd7 15. h5 Nc5 16. Qd1 Nd3+ 17. Bxd3 Bxd3 18. Qf3 Ba6 19. g5 d4 20. g6 dxc3 21. bxc3 Qc6 22. gxf7+ Kxf7 23. Ne4 Rd3 24. Be3+ Kg8 25. h6 Rf8 26. Qg4 g6 27. O-O b6 28.
Rad1 Rfd8 29. Bd4 Rxd1 30. Rxd1 Bb7 31. Re1 Rf8 32. f3 Rf5 33. Kg2 Qd5 34. Re2 Ba6 35.
Rd2 Qc4 36. Rf2 Bb7 37. Rd2 Ba6 38. Rf2 Bb7 39. Rd2 Bxe4 40. Qxe4 Rg5+ 41. Kf2 Rh5 42.
Qa8+ Kf7 43. Qxa7 Rh2+ 44. Ke3 Rxd2 45. Kxd2 Qd5 46. Qxb6 Qxf3 47. Qa7 Qf4+ 48. Kc2 Qxh6 49. Bc5 Qh2+ 50. Kb3 Qh4 51. a4 h5 52. a5 Kf8 53.
Qxe7+ Qxe7 54. Bxe7+ Kxe7 55. a6 h4 56. a7 1-0

[Event "*** SCC Grand Prix: Titled Tuesday Blitz"]
[Site "Chess.com"]
[Date "2020.06.23"]
[Round "3"]
[White "deribas12345"]
[Black "CalinGheorghiu"]
[Result "1-0"]
[WhiteElo "2562"]
[BlackElo "2377"]
[TimeControl "180+1"]
[EndTime "10:29:41 PDT"]
[Termination "deribas12345 won by resignation"]

1. d4 Nf6 2. c4 e6 3. Nc3 Bb4 4. a3 Bxc3+ 5. bxc3 O-O 6. f3 c5 7. e4 Nc6 8. Be3 cxd4 9. cxd4 d5 10. e5 Nd7 11. cxd5 exd5 12. Bd3 f6 13. exf6 Re8 14.
Qd2 Nxf6 15. Ne2 Qe7 16. Bf2 b6 17. O-O Na5 18. Rae1 Nc4 19. Bxc4 dxc4 20. Nc3 Qf7 21. Rxe8+ Nxe8 22. Bg3 Bf5 23. Be5 Rd8 24. Re1 Nd6 25. Qg5 Rd7 26. Bxd6 Rxd6 27. Re7 Qf6 28. Qxf6 gxf6 29.
d5 a5 30. Rb7 Bd7 31. a4 Be8 32. Ne4 Rd8 33. Nxf6+ Kf8 34. Nxh7+ Kg8 35. Nf6+ Kf8 36. Nxe8 Kxe8 37. Rxb6 Rxd5 38. Rc6 Rd4 39. Kf2 Kd7 40. Rc5 Kd6 41. Rxa5 Rd2+ 42. Ke3 Rxg2 43. Rh5 c3 44.
Rh8 Kc5 45. Kd3 Kb4 46. Rb8+ Kxa4 47. Kxc3 Rxh2 48. Kd4 Re2 49. f4 Ka5 50. f5 Ka6 51.
f6 Rf2 52. Ke5 Ka7 53. Rb3 Re2+ 54. Kf5 Rf2+ 55. Ke6 Re2+ 56. Kf7 Rf2 57. Kg7 Rg2+ 58. Kf8 Rf2 59. f7 Rf1 60. Rg3 Kb6 61. Kg8 1-0

[Event "*** SCC Grand Prix: Titled Tuesday Blitz"]
[Site "Chess.com"]
[Date "2020.06.23"]
[Round "3"]
[White "elamier"]
[Black "RestartingChess"]
[Result "1-0"]
[WhiteElo "2318"]
[BlackElo "2441"]
[TimeControl "180+1"]
[EndTime "10:29:41 PDT"]
[Termination "elamier won by checkmate"]

1. d4 Nf6 2. Bg5 h6 3. Bxf6 exf6 4. e3 d5 5. c4 c6 6. cxd5 Qxd5 7. Nc3 Bb4 8. Ne2 Bg4 9. a3 Bxc3+ 10. Nxc3 Qh5 11. Be2 Bxe2 12. Qxe2 Qg6 13. O-O O-O 14. b4 Nd7 15.
Rac1 Rfe8 16. b5 cxb5 17. Nxb5 Rec8 18. Nd6 Rxc1 19. Rxc1 b6 20. Qb5 Nf8 21. Qf5 Rd8 22.
Qxg6 Nxg6 23. Nb5 Rd5 24. Nxa7 Ra5 25. Nc8 b5 26. Nd6 Ne7 27. Rb1 Rxa3 28. g3 Nd5 29. Rxb5 Ra1+ 30. Kg2 Nc3 31. Rb8+ Kh7 32. Nxf7 Ra2 33.
h4 Nd1 34. h5 g6 35. Rb7 Rxf2+ 36. Kg1 gxh5 37. d5 Rd2 38. d6 Nxe3 39. d7 Kg6 40. d8=Q Rxd8 41. Nxd8 Kf5 42. Nf7 Kg6 43. Nd6 Ng4 44. Rb6 Kg5 45. Ne4+ Kf5 46. Nf2 Ne5 47. Kg2 Nd7 48. Rb5+ Ne5 49. Nd3 Ke4 50. Nxe5 fxe5 51. Rb6 Kf5 52. Rxh6 e4 53. Rxh5+ Kg4 54. Rh8 e3 55.
Re8 Kf5 56. Rxe3 Kg4 57. Kf2 Kf5 58. Kf3 Kg5 59. g4 Kf6 60. Kf4 Kg6 61. g5 Kh5 62. Kf5 Kh4 63. Rd3 Kh5 64. Rh3# 1-0

[Event "*** SCC Grand Prix: Titled Tuesday Blitz"]
[Site "Chess.com"]
[Date "2020.06.23"]
[Round "3"]
[White "ENajer77"]
[Black "bazar-wokzal"]
[Result "1-0"]
[WhiteElo "2664"]
[BlackElo "2416"]
[TimeControl "180+1"]
[EndTime "10:29:42 PDT"]
[Termination "ENajer77 won on time"]

1. d4 Nf6 2. c4 Nc6 3. Nf3 e6 4. a3 d5 5. Nc3 dxc4 6. e4 Na5 7.
Bxc4 Nxc4 8. Qa4+ Nd7 9. Qxc4 Bd6 10. Bg5 Nb6 11. Qe2 f6 12. Be3 O-O 13. O-O-O Qe8 14. Kb1 Bd7 15. Rc1 a6 16. Rhd1 e5 17. dxe5 Bxe5 18.
Nxe5 fxe5 19. Bxb6 cxb6 20. Nd5 Bb5 21. Qe3 Qh5 22.
f4 exf4 23. Nxf4 Qe5 24. g3 Rae8 25. Re1 Bc6 26. Ka1 b5 27. Qb6 Rf6 28. Rc5 Qd4 29. e5 Rh6 30. Rxb5 Qd2 31. Qa5 Qxh2 32. Rb3 Qf2 33.
Rbe3 Rh1 34. Rxh1 Qxe3 35. Re1 Qxg3 36. Qd2 Qb3 37. e6 Bb5 38. Re3 Qc4 39. Rc3 Qf1+ 40.
Rc1 Qf3 41. Re1 Qc6 42. e7 Qf6 43. Nd5 Qf7 44. Nc7 Rxe7 45. Qd8+ Qf8 46. Qxe7 Qxe7 47. Rxe7 Bc6 48. Ne6 g6 49. b4 1-0

[Event "*** SCC Grand Prix: Titled Tuesday Blitz"]
[Site "Chess.com"]
[Date "2020.06.23"]
[Round "3"]
[White "KobyKalavannan"]
[Black "GuerrieroFromLevant"]
[Result "0-1"]
[WhiteElo "2645"]
[BlackElo "2430"]
[TimeControl "180+1"]
[EndTime "10:29:42 PDT"]
[Termination "GuerrieroFromLevant won by checkmate"]

1. d4 d5 2. Nf3 c5 3. dxc5 e6 4.
c4 Bxc5 5. cxd5 exd5 6. Nc3 Nf6 7.
e3 Nc6 8. Bb5 O-O 9. O-O Bg4 10.
h3 Bh5 11. Be2 Re8 12. Nb5 Ne4 13. Nbd4 Qb6 14. Nb3 Rad8 15. Nxc5 Qxc5 16. Nd4 Nxd4 17. Bxh5 Nc6 18. b3 Nc3 19. Qg4 d4 20. exd4 Rxd4 21.
Qf3 Ne5 22. Qg3 Ng6 23. Be3 Qxh5 24. Qc7 Ne2+ 25. Kh1 Rde4 26. Qxb7 Rxe3 27. fxe3 Ng3+ 28. Kh2 Nxf1+ 29. Rxf1 Qe5+ 30. Kh1 Qe7 31. Qd5 Qe6 32. Qb7 f6 33. Qxa7 Qxe3 34. Qa4 Qe4 35. Qd7 Nh4 36. Rg1 Nf5 37. Qc7 Qe5 38. Qxe5 fxe5 39.
Re1 e4 40. g4 Nd4 41. Kg2 e3 42.
b4 Nc2 43. Re2 Nxb4 44. Kf3 Nd5 45. a4 Rf8+ 46. Kg3 Ra8 47. Rc2 Rxa4 48. Rc5 Re4 49. Rc1 e2 50. Re1 Re3+ 51. Kf2 Kf7 52. Rxe2 Rxe2+ 53.
Kxe2 Nf4+ 54. Kf3 Nxh3 55. Kg3 Ng5 56. Kf4 Kg6 57. Ke5 h6 58. Kf4 Nf7 59. Kf3 Kf6 60.
Kf4 g5+ 61. Ke4 Ne5 62. Kd5 Nxg4 63. Kd6 h5 64. Kd7 h4 65. Ke8 h3 66. Kf8 h2 67.
Kg8 h1=Q 68. Kf8 Qa8# 0-1

[Event "*** SCC Grand Prix: Titled Tuesday Blitz"]
[Site "Chess.com"]
[Date "2020.06.23"]
[Round "3"]
[White "ChessMavenYeti"]
[Black "AndrewDGreen"]
[Result "1-0"]
[WhiteElo "2095"]
[BlackElo "2310"]
[TimeControl "180+1"]
[EndTime "10:29:42 PDT"]
[Termination "ChessMavenYeti won on time"]

1. Nf3 c5 2. d4 cxd4 3. c3 dxc3 4. Nxc3 Nc6 5. e4 d6 6. Bc4 a6 7. O-O Nf6 8. Be3 Bg4 9. Qb3 e6 10. Qxb7 Na5 11. Qb4 Nxc4 12. Qxc4 Bxf3 13. gxf3 Be7 14. Qc6+ Nd7 15. Bb6 Qc8 16. Qa4 O-O 17. Be3 Ne5 18. Kg2 Qc4 19. Qxc4 Nxc4 20. b3 Ne5 21. Rfd1 Rac8 22.
Rac1 Rc6 23. Na4 Rfc8 24. Nb6 Rxc1 25. Rxc1 Rxc1 26. Bxc1 f5 27. Nc8 Bf8 28. Ba3 d5 29. Bb2 Nd3 30. Bc3 fxe4 31. fxe4 dxe4 32. Bd4 Kf7 33.
Nb6 e5 34. Be3 Ke6 35. Nc4 Kd5 36. Kg3 Be7 37. Kg4 Bc5 38. Kf5 Be7 39. h3 g6+ 40. Kg4 h5+ 41. Kg3 Bf6 42. Kg2 Be7 43. Kf1 Bc5 44.
Ke2 Bxe3 45. Kxe3 Nc1 46. Nd2 Nxa2 47. Nxe4 Nb4 48. Nf6+ Ke6 49. Ne8 Nd5+ 50. Ke4 Nf4 51. h4 Ng2 52. Nc7+ Kd6 53. Nxa6 Nxh4 54. b4 Nf5 55. b5 Nd4 56. b6 g5 57. b7 Nc6 58.
b8=Q+ Nxb8 59. Nxb8 Ke6 60. Nc6 Kf6 61. Nxe5 1-0

[Event "*** SCC Grand Prix: Titled Tuesday Blitz"]
[Site "Chess.com"]
[Date "2020.06.23"]
[Round "3"]
[White "Azerichess"]
[Black "CarlosAlbornoz"]
[Result "1-0"]
[WhiteElo "3042"]
[BlackElo "2712"]
[TimeControl "180+1"]
[EndTime "10:29:44 PDT"]
[Termination "Azerichess won by resignation"]

1. d4 Nf6 2. c4 g6 3. Nf3 Bg7 4.
Nc3 d6 5. Bg5 h6 6. Bd2 Nbd7 7. g3 e5 8. Bg2 O-O 9. Qc1 Kh7 10. h4 exd4 11. Nxd4 Re8 12. h5 g5 13. Qc2+ Kg8 14. Nf5 Bf8 15. O-O-O Ne5 16. Nd5 Nxd5 17. cxd5 Bxf5 18. Qxf5 Bg7 19. Bc3 Qf6 20. Bh3 Qxf5 21. Bxf5 Nc4 22. Bxg7 Kxg7 23. b3 Nb6 24. e4 a5 25. Kb2 a4 26. Rc1 Re7 27. Rc3 c5 28.
dxc6 bxc6 29. Rxc6 Rb8 30. b4 d5 31. Rd1 Nc4+ 32. Rxc4 dxc4 33. Kc3 a3 34. Rd4 Rc7 35. e5 Rb5 36. f4 gxf4 37. gxf4 f6 38. Rxc4 Re7 39.
Bd3 fxe5 40. Rc6 Rbb7 41. Rg6+ Kf8 42. Bc4 Rg7 43. Rf6+ Ke8 44. fxe5 Rg3+ 45. Kd4 Rxb4 46. Kc5 Rb8 47. Rxh6 Rc8+ 48. Kd5 Rg1 49. Rh8+ Kd7 50. e6+ Kc7 51. Rxc8+ Kxc8 52. Kd6 Rd1+ 53. Bd5 Kd8 54. h6 Ke8 55. h7 Rh1 56. Bc6+ 1-0

[Event "*** SCC Grand Prix: Titled Tuesday Blitz"]
[Site "Chess.com"]
[Date "2020.06.23"]
[Round "3"]
[White "grzechu96"]
[Black "Beca95"]
[Result "0-1"]
[WhiteElo "2656"]
[BlackElo "2886"]
[TimeControl "180+1"]
[EndTime "10:29:45 PDT"]
[Termination "Beca95 won on time"]

1. e4 c5 2. Nf3 Nc6 3. d4 cxd4 4. Nxd4 e5 5. Nb5 a6 6. Nd6+ Bxd6 7. Qxd6 Qe7 8. Qd1 Nf6 9. Nc3 d6 10. Be2 Be6 11. Be3 O-O 12. O-O Rad8 13. Nd5 Bxd5 14. exd5 Nb8 15. c4 Nbd7 16. b4 e4 17. a4 Rfe8 18.
Qb3 Ne5 19. Rfd1 Nfg4 20. Bb6 Rc8 21. h3 Nh6 22. c5 Nd7 23. Ba7 dxc5 24. d6 Qg5 25.
bxc5 e3 26. fxe3 Ra8 27. Qxb7 Qxe3+ 28. Kh1 Nf5 29. Qxd7 Ng3+ 30. Kh2 Nxe2 31. Bb6 Qf4+ 32. Kh1 Ng3+ 33. Kg1 Re2 34. c6 Qe4 35. Bf2 Qf4 36. Rf1 Ne4 37. c7 Nxd6 38. Rae1 Rxe1 39. Rxe1 Rf8 40. Bc5 Ne4 41. Be3 Qg3 42. Qd8 Qxe1+ 43.
Kh2 Qg3+ 44. Kh1 Qe1+ 45. Kh2 Qc3 46. Bf4 Qc6 47. Be5 f6 48. Bf4 h5 0-1

[Event "*** SCC Grand Prix: Titled Tuesday Blitz"]
[Site "Chess.com"]
[Date "2020.06.23"]
[Round "3"]
[White "BikingBrian"]
[Black "Isajevsky_Anton"]
[Result "0-1"]
[WhiteElo "2279"]
[BlackElo "2507"]
[TimeControl "180+1"]
[EndTime "10:29:45 PDT"]
[Termination "Isajevsky_Anton won by resignation"]

1. d4 d5 2. Bf4 Nf6 3. e3 c5 4.
Nc3 e6 5. Nb5 Na6 6. Nf3 Be7 7.
Be2 O-O 8. O-O Bd7 9. a4 h6 10. h3 Bc6 11. Ne5 Nd7 12. Nxc6 bxc6 13. Nc3 Nb4 14.
Na2 a5 15. c3 Nxa2 16. Rxa2 Qb6 17. Qd2 Rfc8 18. Rb1 cxd4 19. exd4 c5 20. Bb5 Nf6 21. Be5 Ne4 22. Qe2 cxd4 23. Bxd4 Bc5 24. Rd1 Nd6 25.
Bxc5 Qxc5 26. Bd3 Rab8 27. Bb1 Qc4 28. Qc2 Ne4 29. Rd4 Qxd4 30. cxd4 Rxc2 31. Bxc2 Rb4 32. Bxe4 dxe4 33. b3 Rxb3 34. Rc2 Rb4 35. Rc8+ Kh7 36.
Rc7 Kg6 37. Ra7 Rxa4 38. Kf1 Rxd4 39. Rxa5 f5 40. Ra7 Kf6 41. Ke2 Rb4 42. Ke3 Rb3+ 43. Ke2 f4 44. g3 fxg3 45. fxg3 Rxg3 46. Ra4 Kf5 47. Ra5+ e5 48. Ra7 g5 49. Rf7+ Ke6 50.
Rg7 Rxh3 51. Rg6+ Kf5 52. Rg7 e3 53. Rf7+ Ke4 54. Rf6 Rh2+ 55. Kd1 g4 56. Rg6 h5 57.
Rg5 Kf4 58. Rg6 g3 59. Rf6+ Ke4 60. Rf1 g2 61. Rg1 Rh1 62. Ke2 Rh2 63. Ke1 Kf3 0-1

[Event "*** SCC Grand Prix: Titled Tuesday Blitz"]
[Site "Chess.com"]
[Date "2020.06.23"]
[Round "3"]
[White "vanyakuba"]
[Black "c63_amg"]
[Result "0-1"]
[WhiteElo "2445"]
[BlackElo "2773"]
[TimeControl "180+1"]
[EndTime "10:29:46 PDT"]
[Termination "c63_amg won by resignation"]

1. e4 c5 2. c3 e6 3. d4 d5 4. e5 Nc6 5. Nf3 Qb6 6. Be2 Nh6 7. O-O cxd4 8. cxd4 Nf5 9. Be3 Qxb2 10. Nbd2 Be7 11.
Nb3 Nxe3 12. fxe3 Qc3 13. Kf2 Qb4 14. Rb1 Qa3 15. Qd2 O-O 16. Rfc1 f6 17. exf6 Rxf6 18. Kg1 Qd6 19. Nc5 b6 20. Na6 Bd7 21. Bb5 Raf8 22.
Rf1 Bc8 23. Qe2 Bxa6 24. Bxa6 e5 25. Bb5 e4 26. Nd2 Na5 27. Rxf6 Bxf6 28. Rf1 Qb4 29. Nb1 Bg5 30. a3 Rxf1+ 31. Kxf1 Qxb1+ 32. Kf2 Qc1 33. Bd7 Nc4 34. Be6+ Kh8 35. Bxd5 Qxe3+ 36. Qxe3 Nxe3 37. Bxe4 Nc4 38. a4 Nd6 39. Bd5 Bf6 40. Ke3 Nf5+ 41. Ke4 Nxd4 42. g4 h6 43. h4 g6 44. g5 hxg5 45.
hxg5 Bg7 46. Bf7 Kh7 47. Kd5 Nf3 48. Kc6 Nxg5 49. Be8 Bd4 50. Kb7 a5 51. Ka6 Bc5 52.
Kb5 Kg7 53. Kc4 Ne4 54. Bc6 Nd6+ 55. Kd5 Kf6 56. Bd7 g5 57. Kc6 Nf5 58. Kb5 g4 59. Bc6 Nd4+ 60. Ka6 Nxc6 61. Kb7 g3 62. Ka6 g2 0-1

[Event "*** SCC Grand Prix: Titled Tuesday Blitz"]
[Site "Chess.com"]
[Date "2020.06.23"]
[Round "3"]
[White "stanyga"]
[Black "otrov-11"]
[Result "1-0"]
[WhiteElo "2609"]
[BlackElo "2397"]
[TimeControl "180+1"]
[EndTime "10:29:47 PDT"]
[Termination "stanyga won by resignation"]

1. e4 e6 2. b3 d5 3. Bb2 dxe4 4. Nc3 Nf6 5. g4 c5 6. g5 Nd5 7. Nxe4 Nc6 8. Nf3 Bd7 9. d3 Qc7 10. Qd2 O-O-O 11. O-O-O Kb8 12. h4 Nd4 13. Nxd4 cxd4 14. Bxd4 Ba3+ 15. Bb2 Bxb2+ 16. Kxb2 Bc6 17. Bg2 f5 18.
gxf6 gxf6 19. Rhg1 Rhg8 20. Bf3 f5 21. Ng3 Qe7 22.
Bxd5 Bxd5 23. Qf4+ Ka8 24. Qe5 Qxh4 25. Rde1 Qh2 26.
Rgf1 h5 27. Qe3 h4 28. Nh5 Qc7 29. Nf4 Qg7+ 30. c3 Rge8 31. d4 Qf6 32. Rg1 Be4 33.
Rg6 Qf7 34. f3 Bc6 35. Reg1 Rg8 36. Rxg8 Rxg8 37. Rxg8+ Qxg8 38. Nxe6 Qe8 39. Nc7+ Kb8 40. Nxe8 h3 41. Qe5+ 1-0

[Event "*** SCC Grand Prix: Titled Tuesday Blitz"]
[Site "Chess.com"]
[Date "2020.06.23"]
[Round "3"]
[White "zaur-mammadov"]
[Black "Chepaschess"]
[Result "0-1"]
[WhiteElo "2611"]
[BlackElo "2820"]
[TimeControl "180+1"]
[EndTime "10:29:49 PDT"]
[Termination "Chepaschess won on time"]

1. e4 c5 2. c3 d5 3. exd5 Qxd5 4. d4 Nf6 5. Nf3 e6 6. Bd3 Be7 7. O-O O-O 8. Re1 Rd8 9. Bg5 Nc6 10. Be3 b6 11. Qe2 Bb7 12. Bc2 cxd4 13. cxd4 Nb4 14.
Nc3 Qh5 15. Bb3 Ng4 16. h3 Nxe3 17. fxe3 Bd6 18. a3 Nc6 19. Ne4 Be7 20. Rac1 Rac8 21.
Rf1 Ne5 22. Ned2 Nxf3+ 23. Nxf3 Bd6 24. Qf2 Ba6 25. Rfe1 h6 26. Bc2 Qb5 27. Red1 Bb7 28. Rf1 f5 29. Bb1 Bd5 30. Qd2 a5 31. Bd3 Qe8 32.
Rxc8 Rxc8 33. Rc1 Rxc1+ 34. Qxc1 g5 35. Ne5 Kg7 36. Bc4 Bxe5 37. Bxd5 exd5 38. dxe5 Qxe5 39. Kf2 g4 40. hxg4 fxg4 41. b3 Kg6 42. Kg1 g3 43. Qc6+ Kh5 44. Qc1 Qe4 45. Qd1+ Kg5 46. Qe1 Qh4 47.
Qc3 Qh2+ 48. Kf1 Qh1+ 49. Ke2 Qxg2+ 50. Kd3 Qe4+ 51. Kd2 d4 52. exd4 Qf4+ 53. Kc2 Qf2+ 54. Kb1 g2 55. Qc1+ Kg4 56. Qd1+ Kh4 0-1

[Event "*** SCC Grand Prix: Titled Tuesday Blitz"]
[Site "Chess.com"]
[Date "2020.06.23"]
[Round "3"]
[White "SavelievAlexei"]
[Black "DenisQ"]
[Result "0-1"]
[WhiteElo "2410"]
[BlackElo "2640"]
[TimeControl "180+1"]
[EndTime "10:29:49 PDT"]
[Termination "DenisQ won on time"]

1. e4 c6 2. d4 d5 3. exd5 cxd5 4. Bd3 Nf6 5. c3 Nc6 6. Bf4 Bg4 7. Qb3 Qd7 8. Nd2 e6 9. Ngf3 Bxf3 10. Nxf3 Bd6 11.
Ne5 Qc7 12. O-O Nxe5 13. dxe5 Bxe5 14. Bxe5 Qxe5 15. Qb5+ Ke7 16. Qxb7+ Nd7 17. Bb5 Qd6 18. Bxd7 Rhb8 19. Qc6 Qxd7 20. Qc5+ Qd6 21. Qd4 Kf8 22. c4 Rb4 23. b3 Qb6 24. Qd3 dxc4 25. Qxh7 Rd8 26.
bxc4 Qd4 27. Rac1 Rxc4 28. Rxc4 Qxc4 29. Qh8+ Ke7 30. Qxg7 Qxa2 31. h4 Qd5 32. Rc1 a5 33. Rc7+ Rd7 34. Rxd7+ Qxd7 35. Qg5+ Kf8 36. Qxa5 Qd1+ 37.
Kh2 Qd4 38. Kg3 e5 39. Qa8+ Kg7 40. Qf3 Kf8 41. Kh3 e4 42. Qf5 e3 43. fxe3 Qxe3+ 44. g3 Qe1 45. h5 Qh1+ 46. Kg4 Qd1+ 47. Kh4 Qd2 48. Qf4 Qh2+ 49. Kg4 Qe2+ 50. Kg5 Qe6 51. Qf5 Qe3+ 52. Qf4 Qe6 53. Qb8+ Kg7 54. Qb2+ Kh7 0-1

[Event "*** SCC Grand Prix: Titled Tuesday Blitz"]
[Site "Chess.com"]
[Date "2020.06.23"]
[Round "3"]
[White "PowerThinking2650"]
[Black "WinstonSilvakov"]
[Result "0-1"]
[WhiteElo "2329"]
[BlackElo "2153"]
[TimeControl "180+1"]
[EndTime "10:29:49 PDT"]
[Termination "WinstonSilvakov won by checkmate"]

1. e4 Nf6 2. e5 Nd5 3. d4 d6 4. c4 Nb6 5. exd6 cxd6 6. Nc3 g6 7. h4 Bg7 8. h5 Nc6 9. Be3 e5 10. dxe5 Bxe5 11. Nf3 Bg4 12. hxg6 fxg6 13. Be2 Bxf3 14. gxf3 Bxc3+ 15. bxc3 Qf6 16. Qd2 O-O 17. O-O-O Ne5 18.
Qxd6 Qxd6 19. Rxd6 Nbxc4 20. Re6 Rae8 21. Rxe8 Rxe8 22.
f4 Nxe3 23. fxe3 Nd7 24. Bc4+ Kg7 25. Rh3 Nb6 26. Bd3 Nd5 27. Kd2 Nf6 28. Rh1 Ne4+ 29.
Bxe4 Rxe4 30. Kd3 Ra4 31. Rb1 b6 32. Rb2 h5 33. c4 g5 34. fxg5 Kg6 35. Kd4 Kxg5 36.
e4 h4 37. e5 b5 38. Rxb5 Rxa2 39. Kd5 Rd2+ 40. Ke6 h3 41. Rb3 h2 42. Rh3 Kg4 43.
Rh8 a5 44. c5 a4 45. c6 a3 46. c7 Rc2 47. Kd7 a2 48. Rxh2 Rxc7+ 49. Kxc7 a1=Q 50.
Rh7 Qxe5+ 51. Kd7 Qf5+ 52. Ke8 Qxh7 53. Kf8 Kf5 54. Ke8 Ke6 55. Kd8 Qd7# 0-1

[Event "*** SCC Grand Prix: Titled Tuesday Blitz"]
[Site "Chess.com"]
[Date "2020.06.23"]
[Round "3"]
[White "lilleper1"]
[Black "Angel_Hranitel_37"]
[Result "1-0"]
[WhiteElo "2687"]
[BlackElo "2426"]
[TimeControl "180+1"]
[EndTime "10:29:51 PDT"]
[Termination "lilleper1 won by checkmate"]

1. d4 Nf6 2. c4 g6 3. Nc3 Bg7 4. e4 d6 5. Nf3 O-O 6. Be2 e5 7. O-O Nc6 8. dxe5 Nxe5 9. Nxe5 dxe5 10. Qa4 Be6 11. Rd1 Qb8 12. Be3 c6 13. Bc5 Rd8 14. Rxd8+ Qxd8 15. Rd1 Qe8 16. Qb3 Nd7 17. Bd6 b5 18.
Qc2 Bxc4 19. Bxc4 bxc4 20. Na4 Qe6 21. Ba3 Bf8 22. Bxf8 Rxf8 23. Qd2 Nb6 24. Nc5 Qe7 25. Qd6 Qxd6 26. Rxd6 Rc8 27. a4 c3 28. bxc3 Nc4 29. Rd7 a5 30. g3 Rb8 31. Rc7 Rb1+ 32. Kg2 Rc1 33. Rxc6 Rxc3 34. Kh3 h5 35. Nd7 Rc2 36. Nxe5 Ne3 37. Rxc2 Nxc2 38. Nc6 Na3 39. Nxa5 Nb1 40.
Nc6 Nc3 41. a5 Kf8 42. a6 Nb5 43. a7 Nc7 44. Nb4 Ke8 45. Nd5 Na8 46. Kh4 Kd7 47.
Kg5 Ke6 48. f4 h4 49. Kxh4 f6 50. Kg4 Kf7 51. h4 Ke6 52. Kf3 f5 53. Ke3 fxe4 54.
Kxe4 Kd6 55. g4 Kc6 56. h5 gxh5 57. gxh5 Nb6 58. Nxb6 Kxb6 59. a8=Q Kb5 60. Qd5+ Kb6 61. Qc4 Kb7 62. Kd5 Kb6 63. Kd6 Ka7 64. Qb3 Ka6 65. Kc6 Ka5 66. Qb5# 1-0

[Event "*** SCC Grand Prix: Titled Tuesday Blitz"]
[Site "Chess.com"]
[Date "2020.06.23"]
[Round "3"]
[White "Brave_spirit12"]
[Black "rubhani"]
[Result "0-1"]
[WhiteElo "2297"]
[BlackElo "2511"]
[TimeControl "180+1"]
[EndTime "10:29:51 PDT"]
[Termination "rubhani won by checkmate"]

1. e4 c6 2. Nc3 d5 3. Nf3 Bg4 4. h3 Bxf3 5. Qxf3 e6 6. d3 Bc5 7. Bd2 Nd7 8. g4 Ne7 9. Bg2 O-O 10. O-O-O b5 11. h4 a5 12. h5 b4 13. Nb1 a4 14. h6 g6 15. d4 Bxd4 16. Bxb4 Bh8 17. exd5 cxd5 18. Bc3 Ne5 19. Qe2 Qb8 20. Rhe1 Nc4 21.
Bxh8 Kxh8 22. c3 Qf4+ 23. Nd2 Rab8 24. Qf3 Qxf3 25. Nxf3 Rxb2 26. Ne5 Rfb8 27. Nxc4 dxc4 28.
Re4 Nd5 29. Rxc4 Rb1+ 30. Kd2 R1b2+ 31. Ke1 Rxa2 32. Bxd5 exd5 33. Rc7 Kg8 34. Rxd5 Rb1+ 35. Rd1 Rxd1+ 36. Kxd1 Kf8 37. Rc8+ Ke7 38. Rh8 Rxf2 39. Kc1 a3 40. Kb1 a2+ 41. Ka1 Kf6 42. Rxh7 Kg5 43. Rh8 Kxg4 44. h7 Rh2 45. Rf8 Rxh7 46. Kxa2 f5 47. c4 f4 48. Rf6 g5 49. Kb3 f3 50. c5 Kg3 51. Kb4 g4 52. c6 f2 53.
Kb5 Kg2 54. Kb6 f1=Q 55. Rg6 g3 56. Rd6 Qb1+ 57. Kc5 Rh5+ 58. Kd4 Qd1+ 59. Kc4 Qxd6 60. Kb3 Rb5+ 61. Ka2 Qb4 62. c7 Qb2# 0-1

[Event "*** SCC Grand Prix: Titled Tuesday Blitz"]
[Site "Chess.com"]
[Date "2020.06.23"]
[Round "3"]
[White "Casablanca"]
[Black "tsvet2005"]
[Result "0-1"]
[WhiteElo "2340"]
[BlackElo "2642"]
[TimeControl "180+1"]
[EndTime "10:29:51 PDT"]
[Termination "tsvet2005 won on time"]

1. d4 d5 2. c4 e6 3. Nc3 c6 4. Nf3 Nf6 5. Bg5 h6 6. Bh4 dxc4 7.
e4 g5 8. Bg3 b5 9. a3 Bb7 10.
h4 g4 11. Ne5 Nbd7 12. Be2 h5 13. O-O Be7 14. f4 Qb6 15. f5 O-O-O 16. fxe6 fxe6 17. Nf7 Rhf8 18. Nxd8 Rxd8 19. e5 Nd5 20. Nxd5 cxd5 21.
Rf7 Re8 22. Qd2 Qd8 23. Raf1 Bxh4 24. Rxd7 Kxd7 25. Rf7+ Be7 26. Bh4 Kc8 27. Rxe7 Rxe7 28. Qb4 Kd7 29. Qd6+ Ke8 30. Qc5 a6 31. Qa7 Bc8 32.
Bxe7 Qxe7 33. Qb8 Qd7 34. Bd1 Qc6 35. Bc2 Kd7 36. Qa7+ Qc7 37. Qxc7+ Kxc7 38. Bg6 h4 39. g3 hxg3 40. Kg2 a5 41. Kxg3 b4 42. axb4 axb4 43. Kxg4 Kc6 44. Kf3 Kb5 45. Ke2 Ka4 46.
Bc2+ b3 47. Bg6 c3 48. Kd1 cxb2 49. Kd2 Ka3 50. Bb1 Bd7 51. Kc3 Bb5 52. Kd2 Kb4 53. Bg6 Bc4 54. Bb1 Ka3 55. Kc3 Bb5 56. Bg6 Ka2 0-1

[Event "*** SCC Grand Prix: Titled Tuesday Blitz"]
[Site "Chess.com"]
[Date "2020.06.23"]
[Round "3"]
[White "kakakz"]
[Black "DonBroca"]
[Result "1-0"]
[WhiteElo "2346"]
[BlackElo "2137"]
[TimeControl "180+1"]
[EndTime "10:29:52 PDT"]
[Termination "kakakz won on time"]

1. d4 Nf6 2. c4 d6 3. Nc3 g6 4. e4 Bg7 5. Nf3 Nc6 6. d5 Nb8 7. Be2 O-O 8. O-O e5 9. Bg5 h6 10. Bh4 Nbd7 11. Ne1 g5 12. Bg3 Nh7 13. Bg4 Nc5 14.
b4 Bxg4 15. Qxg4 f5 16. exf5 e4 17. bxc5 Bxc3 18. Rc1 Nf6 19. Qe2 Bd4 20. cxd6 cxd6 21. Nc2 Bc5 22. Rfd1 Qb6 23. Rb1 Qc7 24. h4 Rae8 25.
Nd4 Bxd4 26. Rxd4 Qc5 27. Rdd1 b6 28. hxg5 hxg5 29. Rb5 Qc7 30. Qe3 Nh7 31. Rd4 Qg7 32. Rxe4 Nf6 33. Re6 Ng4 34. Qe4 Qa1+ 35. Rb1 Rxe6 36.
fxe6 Qxa2 37. Qg6+ Kh8 38. Qh5+ Kg7 39. Qxg5+ Kh8 40. Qh5+ Kg7 41. Qxg4+ Kh7 42. Re1 Qd2 43. Qe4+ Kg7 44. e7 Re8 45. Bxd6 Qc3 46. Be5+ 1-0

[Event "*** SCC Grand Prix: Titled Tuesday Blitz"]
[Site "Chess.com"]
[Date "2020.06.23"]
[Round "3"]
[White "MarcoRiehle"]
[Black "MrChampion_Coach"]
[Result "0-1"]
[WhiteElo "2692"]
[BlackElo "2444"]
[TimeControl "180+1"]
[EndTime "10:29:54 PDT"]
[Termination "MrChampion_Coach won by checkmate"]

1. e4 c5 2. a3 g6 3. h4 Nf6 4. e5 Nd5 5. c4 Nc7 6. h5 Bg7 7. Nf3 Nc6 8. Qe2 Ne6 9. h6 Bf8 10. Nc3 d6 11. Nd5 dxe5 12. Nxe5 Qd6 13. Nxc6 bxc6 14.
Nc3 Nd4 15. Qd1 Bf5 16. d3 e5 17. g4 Bxg4 18. Qxg4 Nc2+ 19. Kd1 Nxa1 20. Ne4 Qd4 21. Be3 Qxb2 22. Nf6+ Ke7 23. Bg5 Qb1+ 24. Ke2 Qc2+ 25. Ke1 Qb1+ 26. Ke2 Qc2+ 27. Kf3 Qd1+ 28.
Kg3 Qxg4+ 29. Nxg4+ Ke6 30. Nf6 Kd6 31. Bh3 Nc2 32. Rb1 Kc7 33. Rc1 Nd4 34. Re1 Bd6 35. Kg2 Nc2 36. Rc1 Nd4 37. Re1 Rab8 38. Ng4 f5 39. Nxe5 Rhe8 40. Bf4 Rb2 41. Kg3 Re2 42. Rxe2 Nxe2+ 43. Kf3 Nxf4 44. Nf7 Be5 45. Nxe5 Nxh3 46. Nf7 Re7 47. Nh8 Ng5+ 48. Kf4 Ne6+ 49. Ke5 Kd7 50.
Kf6 Nd8 51. Kg5 Ke8 52. Kf6 Kf8 53. f4 Re6+ 54. Kg5 Kg8 55. d4 Kxh8 56. d5 Re7 57.
d6 Rd7 58. Kf6 Rxd6+ 59. Ke7 Rd4 60. a4 Nb7 61. a5 Nxa5 62. Kf6 Nxc4 63. Ke6 Nd2 64.
Kf6 Ne4+ 65. Kf7 a5 66. Ke7 a4 67. Ke6 a3 68. Ke5 a2 69. Ke6 a1=Q 70. Ke7 Qa7+ 71.
Ke8 Qd7+ 72. Kf8 Qd8+ 73. Kf7 Qf6+ 74. Ke8 Rd8# 0-1